 Dungeon Crawl Stone Soup version 0.26-a0-542-gbaa144ba5c (webtiles) character file.

Game seed: 182133530809825237

13 Eifo4Ohj9gu9Dob0ohLe the Skirmisher (level 2, -1/27 HPs)
             Began as a Draconian Berserker on Aug 18, 2020.
             Was a Follower of Trog.
             Slain by Jessica (4 damage)
             ... on level 2 of the Dungeon.
             The game lasted 00:02:11 (339 turns).

Eifo4Ohj9gu9Dob0ohLe the Skirmisher (DrBe)           Turns: 339, Time: 00:02:12

Health: -1/27      AC:  4    Str: 19    XL:     2   Next: 24%
Magic:  2/2        EV: 12    Int:  7    God:    Trog [*.....]
Gold:   12         SH:  0    Dex: 10    Spells: 1/1 levels left

rFire    . . .     SeeInvis .   a - +0 hand axe
rCold    . . .     Faith    .   (no shield)
rNeg     . . .     Spirit   .   (armour unavailable)
rPois    .         Reflect  .   (helmet restricted)
rElec    .         Harm     .   (no cloak)
rCorr    .                      (no gloves)
MR       .....                  (no boots)
Stlth    +.........             (no amulet)
HPRegen  0.09/turn              (no ring)
MPRegen  0.08/turn              (no ring)

@: berserk cooldown, slowed, very slow
A: unfitting armour, cold-blooded, AC +4
a: Berserk, Renounce Religion


You were on level 2 of the Dungeon.
You worshipped Trog.
Trog was aware of your devotion.
You visited 1 branch of the dungeon, and saw 2 of its levels.

You collected 12 gold pieces.

Inventory:

Hand Weapons
 a - a +0 hand axe (weapon)
Scrolls
 b - a scroll of amnesia {unknown}
 c - a scroll of magic mapping {unknown}
 d - a scroll of identify {unknown}
 e - a scroll of teleportation {unknown}
Potions
 f - a potion of degeneration {unknown}


   Skills:
 + Level 3.6 Fighting
 + Level 3.2 Axes
 + Level 2.9 Dodging


You had one spell level left.
You didn't know any spells.
Your spell library was empty.

Dungeon Overview and Level Annotations

Branches:
Dungeon (1/15)

Altars:

Annotations:
D:2 Jessica


Innate Abilities, Weirdness & Mutations

Your plain brown scales are hard. (AC +4)
You cannot fit into any form of body armour.
You are cold-blooded and may be slowed by cold attacks.


Message History

You are exhausted.
You feel yourself slow down. Jessica casts a spell at you.
Pain shoots through your body!
You barely miss Jessica. Jessica misses you.
Jessica hits you but does no damage.
You barely miss Jessica. Jessica hits you. Jessica hits you but does no damage.
You hit Jessica.
Jessica is moderately wounded.
Jessica hits you. x2
* * * LOW HITPOINT WARNING * * *
You hit Jessica.
Jessica is heavily wounded.
Jessica hits you.
* * * LOW HITPOINT WARNING * * *
A dart slug comes into view.
You barely miss Jessica.
Jessica is heavily wounded.
Jessica hits you.
You die...

.# ... .# ... .# #.# ##
#.# # #.# #### #.#
...#######.### ♣..
#.........>..######..P.#
....###.........@@g.#
#...# #.###.#.#####w#
##.## #.# #.#.# ...# #.#
#.#.# #### #.. .?#.# ##
#.. ....# .# ##...####
.# .#


You could see a dart slug, Jessica and a goblin.

Vanquished Creatures
  A worm (D:2)
  A ball python (D:2)
  A giant cockroach (D:2)
  A goblin (D:2)
  A hobgoblin (D:2)
  A kobold (D:1)
  2 bats (D:2)
  A frilled lizard (D:2)
  A rat (D:2)
10 creatures vanquished.

Notes
Turn   | Place    | Note
-------+----------+-------------------------------------------
     0 | D:1      | Eifo4Ohj9gu9Dob0ohLe the Draconian Berserker began the
                  | quest for the Orb.
     0 | D:1      | Reached XP level 1. HP: 19/19 MP: 1/1
   139 | D:1      | You fall into a shaft and drop 1 floor!
   178 | D:2      | Reached XP level 2. HP: 21/26 MP: 2/2
   327 | D:2      | Noticed Jessica
   339 | D:2      | Slain by Jessica

Illustrated notes

Levels and vault maps discovered:
D:1:      kilobyte_arrival_exit_the_forest, layout_basic, st_stairs_4,
          minivault_11
D:2:      cheibrodos_old_hovel, layout_loops_cross, fedhas_altar_3,
          serial_forest, infiniplex_forest_fountain,
          infiniplex_forest_lined_corner, infiniplex_forest_straight_5,
          infiniplex_forest_end_3, infiniplex_forest_clump_long,
          infiniplex_forest_end_2, chequers_ecumenical_altar_grove, uniq_jessica

Action                   || total
-------------------------++-------
Melee: Hand axe          ||    25
       Tailslap          ||     3
Invok: Berserk           ||     1
 Stab: Sleeping          ||     1
Armor: Skin              ||    13
Dodge: Dodged            ||    14

Table legend: (Time is in decaauts)
 A = Elapsed time spent in this place.
 B = Non-inter-level travel time spent in this place.
 C = Inter-level travel time spent in this place.
 D = Time resting spent in this place.
 E = Time spent auto-exploring this place.
 F = Levels seen in this place.
 G = Mean time per level.
                   A        B        C        D        E       F      G
               +--------+--------+--------+--------+--------+-----+--------+
         Total |    344 |    209 |    135 |      0 |     68 |   2 |  172.0 |
       Dungeon |    344 |    209 |    135 |      0 |     68 |   2 |  172.0 |
               +--------+--------+--------+--------+--------+-----+--------+

Top non-repeatable levels by time:
     D:2: 204 daAuts
     D:1: 140 daAuts
